 Dungeon Crawl Stone Soup version 0.27-a0-277-g024f7ef292 (webtiles) character file.

Game seed: 13350889255051507129

4365 siradein the Frost Mage (level 10, 0/63 HPs)
             Began as a Vampire Ice Elementalist on Feb 4, 2021.
             Was a Follower of Vehumet.
             Succumbed to a spriggan's poison
             ... on level 8 of the Dungeon on Feb 5, 2021.
             The game lasted 01:08:17 (12150 turns).

siradein the Frost Mage (Vampire Ice Elementalist) Turns: 12150, Time: 01:08:19

Health: 0/63       AC: 18    Str:  7    XL:     10   Next: 13%
Magic:  13/22      EV: 12    Int: 21    God:    Vehumet [*.....]
Gold:   402        SH:  0    Dex: 15    Spells: 2/13 levels left

rFire    . . .     SeeInvis +   f - +1 dagger (elec)
rCold    . . .     Faith    .   (no shield)
rNeg     . . .     Spirit   .   j - +2 robe of Tusch {rCorr}
rPois    .         Reflect  .   v - +2 hat
rElec    .         Harm     .   w - +1 cloak
rCorr    +         Rampage  .   (no gloves)
Will     +....                  a - +0 pair of boots
Stlth    ++........             z - amulet of the acrobat
HPRegen  0.40/turn              o - ring of magical power
MPRegen  0.18/turn              q - ring of wizardry

@: lethally poisoned (0 -> -14), icy armour, frozen ramparts, very slightly
contaminated, regenerating quickly
A: fangs 3, see invisible, unbreathing
a: Exsanguinate, Renounce Religion


You were on level 8 of the Dungeon.
You worshipped Vehumet.
Vehumet was aware of your devotion.
You visited 2 branches of the dungeon, and saw 9 of its levels.
You also visited: Sewer.

You collected 402 gold pieces.

Inventory:

Hand Weapons
 f - a +1 dagger of electrocution (weapon)
Armour
 a - a +0 pair of boots (worn)
 j - the +2 robe of Tusch (worn) {rCorr}
   (You found it on level 7 of the Dungeon)

   It provides partial protection from all sources of acid and corrosion.
 v - a +2 hat (worn)
 w - a +1 cloak (worn)
Magical Staves
 t - an uncursed staff of death
Jewellery
 g - an uncursed ring of protection from cold
 o - a ring of magical power (left hand)
 q - a ring of wizardry (right hand)
 z - an amulet of the acrobat (around neck)
Wands
 n - a wand of mindburst (12)
 y - a wand of acid (9)
Scrolls
 b - 8 scrolls of identify
 h - 7 scrolls of teleportation
 i - a scroll of magic mapping
 k - 6 scrolls of remove curse
 r - a scroll of vulnerability {unknown}
 s - a scroll of enchant armour
 u - a scroll of fear {unknown}
 x - a scroll of fog
 C - 2 scrolls of enchant weapon
Potions
 c - a potion of resistance
 d - 9 potions of curing
 e - 2 potions of cancellation
 l - 5 potions of flight
 m - 2 potions of haste
 p - a potion of invisibility
 A - 2 potions of might
 B - 2 potions of brilliance


   Skills:
 - Level 2.1 Dodging
 - Level 3.0 Stealth
 - Level 2.0 Spellcasting
 + Level 14.5 Ice Magic


You had 2 spell levels left.
You knew the following spells:

 Your Spells              Type           Power        Failure   Level
a - Freeze                Ice            100%         1%          1
b - Frozen Ramparts       Ice            100%         1%          3
c - Ozocubu's Armour      Ice            59%          1%          3
d - Hailstorm             Conj/Ice       32%          3%          4

Your spell library contained the following spells:

 Spells                   Type           Power        Failure   Level
 Magic Dart               Conj           8%           6%          1
 Beastly Appendage        Tmut           4%           6%          1
 Wereblood                Tmut           2%           9%          2
 Ice Form                 Ice/Tmut       32%          3%          4
 Summon Ice Beast         Ice/Summ       32%          3%          4
 Spider Form              Tmut/Pois      1%           17%         3
 Blade Hands              Tmut           1%           82%         5


Dungeon Overview and Level Annotations

Branches:
Dungeon (8/15)             Temple (1/1) D:7           Sewer (visited)
   Lair: D:8-11

Altars:
Ashenzari
Cheibriados
Dithmenos
Elyvilon
Fedhas
Kikubaaqudgha
Nemelex Xobeh
Qazlal
Ru
Sif Muna
Trog
Uskayaw
Vehumet
Wu Jian
Xom
Zin
The Shining One

Annotations:
D:8 HendSelp's ghost, novice HOFi


Innate Abilities, Weirdness & Mutations

Your natural rate of healing is unusually fast.
You have razor-sharp teeth.
You have supernaturally acute eyesight. (SInv)
You can survive without breathing.


Message History

You are more poisoned.
You feel better.
The wall freezes the wolf.
The wolf bites you but does no damage.
The wall freezes the spriggan.
The spriggan hits you from afar with a +0 spear.
The wall freezes the wolf.
The wolf barely misses you.
The wall freezes the spriggan!
The spriggan hits you but does no damage.
The wall freezes the spriggan!
The spriggan hits you from afar with the +8 trident of the Skies Above {venom, rElec Will- Str+6 SInv}!
* * * LOW HITPOINT WARNING * * *
You are lethally poisoned!
Casting: Frozen Ramparts (safe; 1% risk of failure)
Confirm with . or Enter, or press ? or * to list all spells.
Casting: Hailstorm (dangerous; 3% risk of failure)
Press: ? - help, Dir - look around, f - activate You miscast Hailstorm.
You are very lightly contaminated with residual magic.
You are blasted with magical energy.
* * * LOW HITPOINT WARNING * * *
You die...

#...'..#.....'.........#........#
#...#..'.....#.........#........#
#####..#######.........#..####'##
....#####......#'##....#######..#
....# #......#..#....#....#....
....# #......#..#....#....#....
....# #......#..#....#....+)...
....# #......#..#....'....#....
....# #......+@.#....#....#....
....# #......#h##....##'#######
..##### ##.....iii####...........
..#...# #........# #...........
..#...# #....W...# #...........
..#...# #........# #...........
..#...####........# #...........
..##'###..........####...........
.......♣♣#8...8#♣♣.......#+###...


You could see 3 spriggans, a wolf and HendSelp's ghost.

Vanquished Creatures
  A polar bear (D:8)
  A wyvern (D:8)
  A yak (D:8)
  2 water moccasins
  2 sky beasts
  3 orc warriors
  7 wolves (D:8)
  4 centaurs
  2 ogres
  A phantom (D:4)
  A big kobold (Sewer)
  2 water moccasin zombies
  3 scorpions
  3 wights (D:7)
  3 electric eels
  2 howler monkeys
  3 bullfrog skeletons
  A hound (D:6)
  2 jellies (D:7)
  A bullfrog zombie (D:6)
  5 orc priests
  2 centaur skeletons
  Terence (D:3)
  3 iguanas
  10 orc wizards
  2 worker ants
  A bullfrog simulacrum (D:8)
  A mummy (D:5)
  Robin (D:3)
  12 adders
  3 gnolls (D:5)
  7 river rats (Sewer)
  A shadow imp (D:6)
  10 white imps
  4 ufetubi
  2 oozes (D:1)
  An adder zombie (D:8)
  3 worms
  6 dart slugs
  6 leopard geckos
  33 orcs
  6 ball pythons (Sewer)
  7 bats
  9 giant cockroaches
  15 goblins
  3 hobgoblins
  15 jackals
  20 kobolds
  5 quokkas
  6 frilled lizards
  2 jackal skeletons
  A leopard gecko skeleton (D:4)
  A quokka simulacrum (D:8)
  31 rats
280 creatures vanquished.

Vanquished Creatures (others)
  A scorpion (D:8)
  A white imp (D:8)
  5 plants (D:8)
7 creatures vanquished.

Grand Total: 287 creatures vanquished

Notes
Turn   | Place    | Note
-------+----------+-------------------------------------------
     0 | D:1      | siradein the Vampire Ice Elementalist began the quest for
                  | the Orb.
     0 | D:1      | Reached XP level 1. HP: 13/13 MP: 3/3
   381 | D:1      | Reached XP level 2. HP: 12/19 MP: 0/5
  1259 | D:1      | Reached skill level 5 in Ice Magic
  1338 | D:2      | Found an ornate altar of the Wu Jian Council.
  1343 | D:2      | Reached XP level 3. HP: 24/24 MP: 3/6
  1347 | D:2      | Learned a level 3 spell: Frozen Ramparts
  1736 | D:2      | Found a glowing golden altar of the Shining One.
  2045 | D:2      | Reached XP level 4. HP: 25/30 MP: 7/7
  2098 | D:2      | Found an ancient bone altar of Kikubaaqudgha.
  2098 | D:2      | Found a shadowy altar of Dithmenos.
  2393 | D:2      | Learned a level 3 spell: Ozocubu's Armour
  2413 | D:3      | Noticed Terence
  2418 | D:3      | Killed Terence
  2419 | D:3      | Reached skill level 6 in Ice Magic
  2753 | D:3      | Reached XP level 5. HP: 35/35 MP: 8/8
  3170 | D:3      | Noticed Robin
  3188 | D:3      | Killed Robin
  3760 | D:4      | Reached skill level 7 in Ice Magic
  3870 | D:4      | Reached XP level 6. HP: 41/41 MP: 9/9
  4416 | D:4      | Reached skill level 8 in Ice Magic
  5053 | D:4      | Reached XP level 7. HP: 46/46 MP: 10/10
  5307 | D:5      | Entered Level 5 of the Dungeon
  5345 | D:5      | Reached skill level 9 in Ice Magic
  5869 | D:5      | Found a sacrificial altar of Ru.
  6000 | D:5      | Found a snail-covered altar of Cheibriados.
  6550 | D:6      | Reached skill level 10 in Ice Magic
  6588 | D:6      | Reached XP level 8. HP: 52/52 MP: 11/11
  6601 | D:6      | Found a blossoming altar of Fedhas.
  6606 | D:6      | Found a hide-covered altar of Uskayaw.
  6610 | D:6      | Found a broken altar of Ashenzari.
  6751 | D:6      | Reached skill level 11 in Ice Magic
  7081 | D:6      | Found a glowing drain.
  7098 | Sewer    | Entered a sewer
  7452 | Sewer    | Reached skill level 12 in Ice Magic
  8151 | D:6      | Reached XP level 9. HP: 57/57 MP: 12/12
  8156 | D:6      | Learned a level 4 spell: Hailstorm
  9029 | D:7      | Found a glowing silver altar of Zin.
  9269 | D:7      | Found a staircase to the Ecumenical Temple.
  9283 | D:7      | Got a twisted robe
  9295 | Temple   | Entered the Ecumenical Temple
  9336 | Temple   | Became a worshipper of Vehumet
  9348 | Temple   | Identified the +2 robe of Tusch {rCorr} (You found it on
                  | level 7 of the Dungeon)
  9481 | D:7      | Reached skill level 13 in Ice Magic
  9796 | D:7      | Found a white marble altar of Elyvilon.
  9797 | D:7      | Got an amber-studded chain mail
  9798 | D:7      | Identified the +2 chain mail of the Planets {rPois Regen+
                  | Slay-2} (You found it on level 7 of the Dungeon)
 10332 | D:8      | Noticed a polar bear
 10349 | D:8      | Killed a polar bear
 10632 | D:8      | Reached skill level 14 in Ice Magic
 10727 | D:8      | Reached * piety under Vehumet
 10727 | D:8      | Offered knowledge of Magic Dart by Vehumet.
 11396 | D:8      | Found a sparkling altar of Nemelex Xobeh.
 11542 | D:8      | Reached XP level 10. HP: 55/63 MP: 13/13
 11619 | D:8      | Found a runed translucent door.
 11620 | D:8      | Noticed HendSelp's ghost (novice HOFi)
 11625 | D:8      | Identified the +8 trident of the Skies Above {venom, rElec
                  | Will- Str+6 SInv}
 12124 | D:8      | Upgraded the game from 0.27-a0-263-gc8dee61f84 to
                  | 0.27-a0-277-g024f7ef292
 12150 | D:8      | HP: 2/63 [something (5)]
 12150 | D:8      | Succumbed to a spriggan's poison

Illustrated notes

Levels and vault maps discovered:
D:1:      evilmike_arrival_hilbert_curve, layout_basic, minmay_tromino_v4_b
D:2:      layout_rooms, tso_metal_star, general_overflow_altar,
          gammafunk_temple_overflow_elements, minmay_rat_gold_closets
D:3:      layout_basic, uniq_robin, uniq_terence
D:4:      kennysheep_six_static_rooms, layout_basic, minmay_crystal_room,
          minmay_misc_feat_tower
D:5:      layout_gridville, slow_altar_1, nicolae_ru_great_annihilating_truth
D:6:      layout_layer_cave, minmay_overflow_temple_star_quad,
          gup_sewer_entry_glass, minivault_4, hex_tiny, st_stairs_7,
          chequers_avenue
D:7:      layout_loops_ring, lemuel_round_altar, nicolae_overflow_hidden_temple,
          minmay_temple_entry_ruins
D:8:      layout_gridville, nemelex_xobeh_ov_fountains_minmay, serial_ice,
          serial_ice_a, serial_ice_f, serial_ice_h, serial_ice_n, serial_ice_i,
          serial_ice_d, serial_ice_o, ebering_ghost_funeral_grove
Temple:   zaba_magenta_temple

Skill      XL: |  1  2  3  4  5  6  7  8  9 |
---------------+----------------------------+-----
Ice Magic      | 5 6 7 8 10 12 14 | 14.5
Dodging        | |  2.1
Stealth        | |  3.0
Spellcasting   | |  2.0

Action                   |  1- 3 |  4- 6 |  7- 9 | 10-12 || total
-------------------------+-------+-------+-------+-------++-------
Melee: Unarmed           |     4 |       |       |       ||     4
       Staff             |       |     2 |       |       ||     2
       Dagger            |       |    10 |    94 |    11 ||   115
       Bite              |       |     2 |     4 |       ||     6
 Cast: Freeze            |    60 |    61 |   152 |     1 ||   274
       Frozen Ramparts   |     4 |    21 |    44 |     6 ||    75
       Ozocubu's Armour  |       |     9 |    24 |     4 ||    37
       Hailstorm         |       |       |    17 |     3 ||    20
  Use: Scroll            |     1 |     1 |    11 |       ||    13
       Potion            |       |     4 |     9 |     4 ||    17
 Stab: Sleeping          |       |     2 |     3 |       ||     5
Armor: Robe              |     8 |    38 |   115 |    26 ||   187
Dodge: Dodged            |    45 |    64 |   208 |    49 ||   366

Table legend: (Time is in decaauts)
 A = Elapsed time spent in this place.
 B = Non-inter-level travel time spent in this place.
 C = Inter-level travel time spent in this place.
 D = Time resting spent in this place.
 E = Time spent auto-exploring this place.
 F = Levels seen in this place.
 G = Mean time per level.
                   A        B        C        D        E       F      G
               +--------+--------+--------+--------+--------+-----+--------+
         Total |  12142 |  11963 |    179 |    322 |   9013 |  10 | 1214.2 |
       Dungeon |  11307 |  11128 |    179 |    322 |   8379 |   8 | 1413.4 |
        Temple |     67 |     67 |      0 |      0 |     35 |   1 |   67.0 |
         Sewer |    766 |    766 |      0 |      0 |    598 |   1 |  766.0 |
               +--------+--------+--------+--------+--------+-----+--------+

Top non-repeatable levels by time:
     D:8: 1924 daAuts
     D:6: 1640 daAuts
     D:3: 1556 daAuts
     D:1: 1338 daAuts
     D:4: 1337 daAuts
     D:7: 1252 daAuts
     D:5: 1185 daAuts
     D:2: 1073 daAuts
   Sewer: 766 daAuts
  Temple: 67 daAuts
